 Dungeon Crawl Stone Soup version 0.32-a0-450-g080537f31e (webtiles) character file.

Game seed: 16781558431367416973

200 sleeves the Sneak (level 5, 0/28 HPs)
             Began as a Vampire Alchemist on Feb 24, 2024.
             Slain by a bullfrog (9 damage)
             ... on level 6 of the Dungeon.
             The game lasted 00:17:26 (4990 turns).

sleeves the Sneak (Vampire Alchemist)               Turns: 4990, Time: 00:17:27

Health: 0/28       AC:  0    Str:  5 (7)  XL:     5   Next: 48%
Magic:  1/8        EV: 19    Int: 18 (20) God:
Gold:   145        SH:  0    Dex: 17 (19) Spells: 5/8 levels left

rFire   + . .        d - melded +0 dagger
rCold   + + +        (shield currently unavailable)
rNeg    + + +        a - melded +0 robe
rPois   ∞            (helmet currently unavailable)
rElec   +            (cloak currently unavailable)
rCorr   +            h - melded +0 pair of gloves
SInv    +            (boots currently unavailable)
Will    .....        r - amulet of the acrobat
Stlth   ++++         w - melded +6 ring of dexterity
HPRegen 0.00/turn    x - melded ring of magical power
MPRegen 0.11/turn

%: acrobat
@: brilliant, bat-form, silenced, resistant, attractive, flying, bloodless,
inhibited regen, very quick
A: fast, flying, no casting, tiny, bloodless, fangs 3, see invisible, vampiric 2
a: Revivify, End Transformation


You were on level 6 of the Dungeon.
You were a vampire bat.
You visited 1 branch of the dungeon, and saw 7 of its levels.

You collected 145 gold pieces.

Inventory:

Hand Weapons
 d - a +0 dagger (melded)
   (You took it off a goblin on level 1 of the Dungeon)
Missiles
 m - 7 poisoned darts
Armour
 a - a +0 robe (melded)
 h - a +0 pair of gloves (melded)
   (You found it on level 2 of the Dungeon)
 i - a +0 pair of boots
   (You found it on level 2 of the Dungeon)
Jewellery
 f - an amulet of faith
   (You found it on level 1 of the Dungeon)
 r - an amulet of the acrobat (around neck)
   (You found it on level 3 of the Dungeon)
 w - a +6 ring of dexterity (melded)
   (You found it on level 6 of the Dungeon)
 x - a ring of magical power (melded)
   (You found it on level 4 of the Dungeon)
Wands
 s - a wand of iceblast (6)
   (You found it on level 7 of the Dungeon)
 A - a wand of mindburst (14)
   (You found it on level 4 of the Dungeon)
Scrolls
 c - 4 scrolls of identify {unknown}
 e - a scroll of immolation
 g - a scroll of blinking {unknown}
 o - a scroll of acquirement {unknown}
 p - a scroll of enchant armour {unknown}
 q - 2 scrolls of revelation {unknown}
 t - a scroll of silence
 u - a scroll of vulnerability {unknown}
 y - a scroll of noise {unknown}
Potions
 b - 2 potions of magic
 j - 3 potions of curing
 k - 2 potions of attraction
 l - 2 potions of brilliance
 n - a potion of mutation {unknown}
 v - a potion of lignification
 B - a potion of cancellation {unknown}


   Skills:
 + Level 3.1 Short Blades
 - Level 2.1 Dodging
 + Level 5.6 Stealth
 - Level 2.0 Spellcasting
 - Level 0.6 Conjurations
 + Level 1.4 Hexes
 + Level 4.7 Alchemy


You had 5 spell levels left.
You knew the following spells:

 Your Spells              Type           Power      Damage    Failure   Level
a - Sting                 Conj/Alch      68%        1d7       6%          1
b - Ensorcelled Hibernat  Hex/Ice        12%        N/A       21%         2

Your spell library contained the following spells:

 Spells                   Type           Power      Damage    Failure   Level
 Mercury Vapours          Alch/Air       30%        N/A       11%         2
 Lesser Beckoning         Tloc           4%         N/A       26%         2
 Mephitic Cloud           Conj/Alch/Air  12%        N/A       26%         3
 Olgreb's Toxic Radiance  Alch           28%        N/A       26%         4
 Fugue of the Fallen      Necr           2%         N/A       47%         3
 Gell's Gravitas          Tloc           2%         N/A       47%         3
 Teleport Other           Tloc           2%         N/A       47%         3
 Sticky Flame             Fire/Alch      15%        2d5       56%         4
 Cause Fear               Hex            5%         N/A       69%         4
 Anguish                  Hex/Necr       3%         N/A       80%         4
 Enfeeble                 Hex            5%         N/A       100%        7


Dungeon Overview and Level Annotations

Branches:
Dungeon (7/15)
 Temple: D:4-7

Altars:

Shops:
D:5 *

Annotations:
D:3 exclusion: jelly
D:5 exclusions: downstairs, orc and water moccasin
D:6 Maggie
D:7 exclusion: water moccasin


Innate Abilities, Weirdness & Mutations

You are a vampire bat.
You are tiny and dextrous.
You move quickly.
You are flying.
You are immune to poison.
Your equipment is almost entirely melded.
You are incapable of wielding weapons or throwing items.
You cannot cast spells.
You do not regenerate when monsters are visible.
You are frail without blood (-20% HP).
You can heal yourself when you bite living creatures.
You are immune to poison.
You have razor-sharp teeth.
You have supernaturally acute eyesight. (SInv)
You are afflicted with vampirism and can become a bat while bloodless.


Message History

A ball python is nearby!
A goblin and an endoplasm come into view.
The sting hits the endoplasm.
The endoplasm partially resists.
The endoplasm is lightly wounded.
The endoplasm quivers.
The sting hits the endoplasm.
The endoplasm is poisoned.
The endoplasm is moderately wounded.
You hit the endoplasm.
The endoplasm is almost dead.
The endoplasm barely misses you.
You hit the endoplasm.
You kill the endoplasm!
You can't see any susceptible monsters within range! (Use Z to cast anyway.)
The goblin shouts!
The sting hits the goblin.
The goblin is poisoned.
The goblin is severely wounded.
The ball python hisses angrily.
You kill the goblin!
You miscast Sting.
You are very lightly contaminated with residual magic.
Nothing appears to happen.
The sting hits the ball python.
The ball python is poisoned.
You kill the ball python!
Your magical contamination has completely faded away.
Done exploring.
Done exploring.
Done exploring.
Okay, then.
Okay, then.
There is a stone staircase leading down here.
You climb downwards.
Found 4 stones and 9 gold pieces.
There is a stone staircase leading up here.
The sting hits the bat.
The bat is poisoned.
You kill the bat!
There is a stone staircase leading up here.
You climb upwards.
There is a stone staircase leading down here.
Magic restored.
There is a stone staircase leading down here.
You climb downwards.
The jackal barks! x2; You hear a bark!
The rat squeaks loudly.
There is a stone staircase leading up here.
The jackal misses you.
You climb upwards.
There is a stone staircase leading down here.
The sting hits the jackal.
The jackal is poisoned.
The jackal is severely wounded.
The jackal barely misses you. x2
The sting hits the jackal.
The jackal looks even sicker.
The jackal is almost dead.
The jackal bites you.
You hit the jackal but do no damage.
The jackal is almost dead.
You kill the jackal!
You start resting.
HP restored.
Magic restored.
There is a stone staircase leading down here.
There is a stone staircase leading down here.
You climb downwards.
Found a pair of gloves.
There is a stone staircase leading up here.
You can't see any susceptible monsters within range! (Use Z to cast anyway.)
The sting hits the quokka but does no damage.
The quokka is poisoned.
The sting hits the quokka.
The quokka looks even sicker.
You kill the quokka!
A goblin comes into view. It is wielding a +0 dagger.
There is a stone staircase leading up here.
You start resting.
A bat comes into view.
The sting hits the bat.
The bat is poisoned.
The bat is heavily wounded.
The goblin shouts!
The bat hits you.
You hit the bat.
The bat is severely wounded.
You kill the bat!
An endoplasm comes into view.
You can't see any susceptible monsters within range! (Use Z to cast anyway.)
The sting hits the goblin.
The goblin is poisoned.
You kill the goblin!
A rat comes into view.
You can't see any susceptible monsters within range! (Use Z to cast anyway.)
A quokka comes into view.
The sting hits the rat.
The rat is poisoned.
You kill the rat!
You can't see any susceptible monsters within range! (Use Z to cast anyway.)
The sting hits the quokka but does no damage.
The quokka is poisoned.
The sting hits the quokka.
The quokka looks even sicker.
The quokka is severely wounded.
You feel a bit more experienced.
Magic restored.
h - a +0 pair of gloves You start putting on your armour.
You continue putting on your +0 pair of gloves. x4
You finish putting on your +0 pair of gloves.
i - a +0 pair of boots An endoplasm is nearby!
The sting hits the endoplasm.
The endoplasm partially resists.
The endoplasm is poisoned.
The endoplasm is moderately wounded.
The endoplasm quivers.
You kill the endoplasm!
You now have 12 gold pieces (gained 9).
You open the door.
The jackal barks!
Found an amethyst potion.
There are monsters nearby!
There are monsters nearby!
Found a leather armour.
There is an open door here.
The sting hits the jackal.
The jackal is poisoned.
The jackal is heavily wounded.
The jackal barks! x2
Casting: Sting (safe; 6% risk of failure)
Confirm with . or Enter, or press ? or * to list all spells.
Aiming: Sting (safe; 6% risk of failure)
Press: ? - help, Shift-Dir - straight line, f - jackal, p - jackal
Aim: a jackal (64% to hit)
The sting hits the jackal.
The jackal is poisoned.
You kill the jackal!
Your Short Blades skill increases to level 2!
You kill the jackal!
The sting hits the jackal.
The jackal is poisoned.
The jackal is lightly wounded.
You barely miss the jackal. Your bite misses the jackal.
The jackal is lightly wounded.
The jackal bites you.
You hit the jackal.
The jackal is heavily wounded.
The jackal closely misses you. The jackal barely misses you.
You completely miss the jackal.
The jackal is severely wounded.
The jackal bites you.
An endoplasm comes into view.
You closely miss the jackal.
The jackal is severely wounded.
You kill the jackal!
You see here a jackal corpse.
The sting hits the endoplasm.
The endoplasm partially resists.
The endoplasm is heavily wounded.
The sting hits the endoplasm.
The endoplasm partially resists.
The endoplasm is poisoned.
The endoplasm is heavily wounded.
You hit the endoplasm.
You kill the endoplasm!
j - an amethyst potion You open the door.
A rat is nearby!
A rat is nearby!
There is an open door here.
No target in view!
A rat is nearby!
The sting hits the rat.
The rat is poisoned.
You kill the rat!
You have reached level 4!
You see here a rat corpse.
Found a stone staircase leading down.
You open the door.
There is an open door here.
There is a stone staircase leading down here.
k - an emerald potion You now have 15 gold pieces (gained 3).
You open the door.
There is an open door here.
You open the door.
Found a robe and a ring mail.
There is an open door here.
A hobgoblin comes into view.
A hobgoblin is nearby!
A hobgoblin is nearby!
Found a stone staircase leading down.
The sting misses the hobgoblin.
The sting hits the hobgoblin.
The hobgoblin is poisoned.
The hobgoblin is severely wounded.
You barely miss the hobgoblin.
The hobgoblin is almost dead.
You kill the hobgoblin!
j - 2 amethyst potions (gained 1)
An endoplasm comes into view.
An endoplasm is nearby!
An endoplasm is nearby!
The sting hits the endoplasm.
The endoplasm partially resists.
The endoplasm is poisoned.
The endoplasm is heavily wounded.
The endoplasm quivers.
You miscast Sting.
You are very lightly contaminated with residual magic.
Nothing appears to happen.
An endoplasm is nearby!
An endoplasm is nearby!
The endoplasm completely misses you.
You hit the endoplasm.
You kill the endoplasm!
Your magical contamination has completely faded away.
You open the door.
A dart slug and a bat come into view.
There are monsters nearby!
There are monsters nearby!
Found a sedimented clear potion.
There is an open door here.
The sting hits the dart slug.
The dart slug is poisoned.
The dart slug is heavily wounded.
Casting: Sting (safe; 6% risk of failure)
Confirm with . or Enter, or press ? or * to list all spells.
Aiming: Sting (safe; 6% risk of failure)
Press: ? - help, Shift-Dir - straight line, f/p - dart slug
Aim: a dart slug (heavily wounded, poisoned, 100% to hit)
Okay, then.
The sting hits the dart slug.
The dart slug looks even sicker.
You kill the dart slug!
The sting hits the bat.
The bat is poisoned.
The bat is heavily wounded.
You hit the bat.
You kill the bat!
l - a sedimented clear potion You open the door.
There is an open door here.
You open the door.
There is an open door here.
Found a stone staircase leading down.
There is a stone staircase leading down here.
A quokka comes into view.
The quokka moves out of view.
Found a scroll labelled UMELER MY NEAMI.
The sting misses the quokka.
You miscast Sting.
You are very lightly contaminated with residual magic.
Nothing appears to happen.
You miscast Sting.
Nothing appears to happen.
You hit the quokka.
The quokka is heavily wounded.
The quokka closely misses you.
You completely miss the quokka. Your bite misses the quokka.
The quokka is heavily wounded.
The quokka bites you. The quokka barely misses you.
You barely miss the quokka.
The quokka is heavily wounded.
The quokka barely misses you.
The sting hits the quokka.
The quokka is poisoned.
The quokka is almost dead.
You kill the quokka!
HP restored.
Your magical contamination has completely faded away.
A frilled lizard comes into view.
A frilled lizard is nearby!
A frilled lizard is nearby!
The sting misses the frilled lizard.
The frilled lizard hisses angrily.
The sting hits the frilled lizard.
The frilled lizard is poisoned.
You kill the frilled lizard!
c - 2 scrolls labelled UMELER MY NEAMI (gained 1)
Found a dagger.
A bat comes into view.
A bat is nearby!
The sting hits the bat.
The bat is poisoned.
The bat is moderately wounded.
The bat hits you but does no damage.
You hit the bat.
You kill the bat!
You see here a +0 dagger.
There is an open door here.
There is a stone staircase leading down here.
There is a stone staircase leading down here.
You open the door.
There is an open door here.
There is an open door here.
Done exploring.
Done exploring.
Done exploring.
Done exploring.
Done exploring.
Done exploring.
There is an open door here.
There is an open door here.
There is a stone staircase leading down here.
You climb downwards.
There is a stone staircase leading up here.
Found a stone staircase leading down.
There is a stone staircase leading up here.
You climb upwards.
There is a stone staircase leading down here.
There is an open door here.
There is an open door here.
You see here a jackal skeleton.
There is a stone staircase leading down here.
You climb downwards.
Found 2 poisoned darts and a scale mail.
There is a stone staircase leading up here.
The helpless ribbon worm fails to defend itself.
You impale the ribbon worm!!
You kill the ribbon worm!
Found 7 gold pieces.
You see here a ribbon worm corpse.
You can't see any susceptible monsters within range! (Use Z to cast anyway.)
The sting hits the frilled lizard.
The frilled lizard is poisoned.
You kill the frilled lizard!
You see here 2 poisoned darts.
m - 2 poisoned darts Magic restored.
You now have 22 gold pieces (gained 7).
A giant cockroach comes into view.
A giant cockroach is nearby!
You can't see any susceptible monsters within range! (Use Z to cast anyway.) No target in view!
A giant cockroach and an adder come into view.
A frilled lizard comes into view.
You see here a ribbon worm corpse.
There is a stone staircase leading up here.
You climb upwards.
There is a stone staircase leading down here.
There is an open door here.
There is a stone staircase leading down here.
You climb downwards.
Found a bubbling amethyst potion.
There is a stone staircase leading up here.
n - a bubbling amethyst potion
Found a stone staircase leading down.
A goblin comes into view. It is wielding a +0 dagger.
The sting hits the goblin.
The goblin is poisoned.
The goblin is severely wounded.
The goblin shouts!
A hobgoblin comes into view.
The goblin attacks as it pursues you! The goblin barely misses you.
The goblin attacks as it pursues you! The goblin closely misses you.
You kill the goblin!
The sting hits the hobgoblin.
The hobgoblin is poisoned.
The hobgoblin is lightly wounded.
The sting hits the hobgoblin.
The hobgoblin looks even sicker.
You kill the hobgoblin!
Magic restored.
You see here a hobgoblin corpse.
You now have 36 gold pieces (gained 14).
Things that are here:
a +0 dagger; a goblin corpse
Found a stone staircase leading down.
Found a dagger.
A bat comes into view.
A giant cockroach comes into view.
The sting hits the giant cockroach.
The giant cockroach is poisoned.
The giant cockroach is moderately wounded.
You kill the giant cockroach!
A bat comes into view.
The sting hits the bat.
The bat is poisoned.
You kill the bat!
You can't see any susceptible monsters within range! (Use Z to cast anyway.)
The sting hits the bat.
The bat is poisoned.
The bat is moderately wounded.
You hit the bat.
You kill the bat!
An adder is nearby!
An adder is nearby!
The sting hits the adder.
The adder is poisoned.
The adder is lightly wounded.
The adder hisses angrily.
The sting hits the adder.
The adder looks even sicker.
The adder is heavily wounded.
You hit the adder.
The adder is severely wounded.
The adder bites you.
You are poisoned.
The adder poisons you!
You closely miss the adder.
The adder is severely wounded.
You feel sick. The adder misses you.
You barely miss the adder. Your bite misses the adder.
The adder is severely wounded.
You feel sick. The adder bites you but does no damage.
The adder closely misses you.
You hit the adder but do no damage.
The adder is severely wounded.
You feel sick. The adder barely misses you.
You hit the adder but do no damage. You bite the adder.
The adder is almost dead.
You feel sick. The adder completely misses you.
You hit the adder.
You kill the adder!
You feel sick.
You feel sick.
You feel sick.
You are no longer poisoned.
HP restored.
o - a scroll labelled HOYHOTSO USUWN A jelly comes into view.
A jelly is nearby!
Press: ? - help, v - describe, . - travel
Here: a jelly (asleep)
The floor.
Press: ? - help, v - describe, . - travel
Here: a jelly (asleep)
The floor.
Placed new exclusion.
Unknown command.
There is a stone staircase leading up here.
l - 2 sedimented clear potions (gained 1)
A hobgoblin comes into view.
A hobgoblin is nearby!
The helpless hobgoblin fails to defend itself.
You impale the hobgoblin!!
You kill the hobgoblin!
Okay, then.
Found a whip.
You see here a +0 whip.
Found a dagger.
A giant cockroach comes into view.
The sting hits the giant cockroach.
The giant cockroach is poisoned.
The giant cockroach is heavily wounded.
You kill the giant cockroach!
There is a stone staircase leading down here.
An orc comes into view. It is wielding a +0 war axe.
Found 9 gold pieces and a scroll labelled UMELER MY NEAMI.
An orc is nearby!
An orc is nearby!
The sting hits the orc.
The orc is poisoned.
The orc is heavily wounded.
The orc shouts!
The orc throws a boomerang.
The boomerang hits you but does no damage.
The sting hits the orc.
The orc looks even sicker.
You kill the orc!
Your Stealth skill increases to level 5!
You start resting.
Magic restored.
You now have 45 gold pieces (gained 9).
c - 3 scrolls labelled UMELER MY NEAMI (gained 1)
Things that are here:
a +0 war axe; 2 boomerangs You now have 57 gold pieces (gained 12).
A frilled lizard is nearby!
p - a scroll labelled OQAXZI MUSUBIV An adder comes into view.
An adder is nearby!
You see here 10 gold pieces.
The sting hits the adder.
The adder is poisoned.
The adder is heavily wounded.
The adder hisses angrily.
The sting hits the adder.
The adder looks even sicker.
The adder is heavily wounded.
You hit the adder but do no damage.
The adder is heavily wounded.
The adder bites you but does no damage.
You closely miss the adder.
The adder is severely wounded.
The adder bites you but does no damage.
You miss the adder. Your bite misses the adder.
The adder is severely wounded.
The adder bites you.
You are poisoned.
The adder poisons you!
You miss the adder. You bite the adder.
The adder is severely wounded.
You feel sick. The adder bites you.
You closely miss the adder. You bite the adder, but do no damage.
The adder is severely wounded.
You feel sick. The adder barely misses you.
The adder bites you but does no damage.
You closely miss the adder.
The adder is severely wounded.
You feel sick. The adder bites you.
You are too injured to fight recklessly!
You are too injured to fight recklessly!
Casting: Sting (safe; 6% risk of failure)
Confirm with . or Enter, or press ? or * to list all spells.
Aiming: Sting (safe; 6% risk of failure)
Press: ? - help, Shift-Dir - straight line, f/p - adder
Aim: an adder (almost dead, poisoned, 53% to hit)
The sting hits the adder.
The adder looks even sicker.
You kill the adder!
You feel sick.
You feel sick.
You feel sick.
You feel sick.
You are no longer poisoned.
HP restored.
You now have 67 gold pieces (gained 10).
A kobold comes into view. It is wielding a +0 dagger.
A kobold is nearby!
A kobold is nearby!
The sting hits the kobold but does no damage.
The kobold is poisoned.
The kobold shouts!
The sting hits the kobold but does no damage.
The kobold looks even sicker.
The kobold is moderately wounded.
You kill the kobold!
A ribbon worm comes into view.
A ribbon worm is nearby!
A ribbon worm is nearby!
A ribbon worm is nearby!
The sting hits the ribbon worm.
The ribbon worm is poisoned.
The ribbon worm is moderately wounded.
The ribbon worm expels a string of sticky webbing.
The stream of webbing misses you.
The sting hits the ribbon worm.
The ribbon worm looks even sicker.
The ribbon worm is moderately wounded.
The sting hits the ribbon worm.
The ribbon worm looks even sicker.
The ribbon worm is severely wounded.
You miscast Sting.
You are very lightly contaminated with residual magic.
Nothing appears to happen.
The ribbon worm expels a string of sticky webbing.
The stream of webbing hits you but does no damage.
You are caught in a web!
The web tears apart.
The sting hits the ribbon worm.
The ribbon worm looks as sick as possible!
The ribbon worm is almost dead.
You kill the ribbon worm!
Your magical contamination has completely faded away.
Things that are here:
a +0 dagger; a kobold corpse
e - 2 scrolls labelled LUAVVY PI EKK (gained 1)
An orc comes into view. It is wielding a +0 flail.
An orc is nearby!
The sting hits the orc.
The orc is poisoned.
The orc is moderately wounded.
The sting hits the orc.
The orc looks even sicker.
You kill the orc!
Things that are here:
a +0 flail; a +0 ring mail
q - a scroll labelled BEAHUO XUEDA A kobold comes into view.
It is wielding a +0 dagger.
A kobold is nearby!
The sting misses the kobold.
The kobold shouts!
The sting hits the kobold.
The kobold is poisoned.
The kobold is heavily wounded.
You kill the kobold!
Things that are here:
a +0 dagger; 5 stones; a +0 scale mail A rat comes into view.
A rat is nearby!
A rat is nearby!
Things that are here:
a +0 dagger; 5 stones; a +0 scale mail The sting misses the rat.
The rat squeaks loudly.
The sting hits the rat but does no damage.
The rat is poisoned.
You hit the rat.
You kill the rat!
Things that are here:
a +0 dagger; 5 stones; a +0 scale mail You see here a rat corpse.
A giant cockroach comes into view.
A giant cockroach is nearby!
A giant cockroach is nearby!
You can't see any susceptible monsters within range! (Use Z to cast anyway.)
The sting hits the giant cockroach.
The giant cockroach is poisoned.
The giant cockroach is almost dead.
You kill the giant cockroach!
You can't see any susceptible monsters within range! (Use Z to cast anyway.)
A kobold comes into view. It is wielding a +0 whip.
The kobold shouts!
A kobold is nearby!
A kobold is nearby!
The sting hits the kobold.
The kobold is poisoned.
You kill the kobold!
You see here a +0 whip.
A kobold comes into view. It is wielding a +0 dagger.
The kobold shouts!
A kobold is nearby!
A kobold is nearby!
The sting hits the kobold but does no damage.
The kobold is poisoned.
You miss the kobold.
The kobold is moderately wounded.
The kobold barely misses you.
You hit the kobold.
You kill the kobold!
No target in view!
Things that are here:
a +0 dagger; a kobold corpse A hobgoblin comes into view.
A hobgoblin is nearby!
A hobgoblin is nearby!
The sting hits the hobgoblin.
The hobgoblin is poisoned.
The hobgoblin is severely wounded.
The hobgoblin shouts!
You hit the hobgoblin but do no damage. You bite the hobgoblin.
You kill the hobgoblin!
r - an amulet of the acrobat A goblin comes into view.
It is wielding a +0 dagger.
A goblin is nearby!
The sting hits the goblin.
The goblin is poisoned.
The goblin is moderately wounded.
The goblin unwields a +0 dagger.
The goblin wields a +0 sling.
The goblin shoots a sling bullet.
The sling bullet hits you.
The sting hits the goblin.
The goblin looks even sicker.
The goblin is heavily wounded.
The goblin shoots a sling bullet.
The sling bullet hits you but does no damage.
The sting misses the goblin.
The goblin shoots a sling bullet.
The sling bullet barely misses you.
The sting hits the goblin.
The goblin looks even sicker.
You kill the goblin!
Things that are here:
a +0 sling; a +0 dagger; a goblin corpse A kobold comes into view.
It is wielding a +0 short sword.
The kobold shouts!
Search for what [? for help]? dag Unknown command.
The sting hits the kobold.
The kobold is poisoned.
The kobold is moderately wounded.
The sting hits the kobold but does no damage.
The kobold looks even sicker.
The kobold is severely wounded.
You kill the kobold!
You see here a +0 short sword.
Things that are here:
a +0 sling; a +0 dagger; a goblin corpse
There is a stone staircase leading down here.
You now have 72 gold pieces (gained 5).
A frilled lizard is nearby!
A frilled lizard is nearby!
The sting hits the frilled lizard.
The frilled lizard is poisoned.
You kill the frilled lizard!
Things that are here:
a +0 dagger; a kobold skeleton You see here a +0 whip.
Things that are here:
a +0 dagger; a kobold skeleton
Things that are here:
a +0 war axe; 2 boomerangs
Things that are here:
a +0 war axe; 2 boomerangs A ball python comes into view.
A ball python is nearby!
A ball python is nearby!
You can't see any susceptible monsters within range! (Use Z to cast anyway.)
Found a runed orb.
The helpless ball python fails to defend itself.
You impale the ball python!!
You kill the ball python!
You see here an orb of light.
You see here an orb of light.
A giant cockroach is nearby!
A giant cockroach is nearby!
A giant cockroach is nearby!
You can't see any susceptible monsters within range! (Use Z to cast anyway.) No target in view!
You can't see any susceptible monsters within range! (Use Z to cast anyway.) Partly explored, can't reach some items and places.
Partly explored, can't reach some items and places.
There is a stone staircase leading down here.
You climb downwards.
There is a stone staircase leading up here.
You climb upwards.
Level annotation: exclusion: jelly
There is a stone staircase leading down here.
There is a stone staircase leading down here.
You climb downwards.
Found 14 gold pieces and a book of Displacement.
Found two stone staircases leading down.
There is a stone staircase leading up here.
The sting hits the ball python.
The ball python is poisoned.
The ball python is moderately wounded.
The ball python hisses angrily.
The hobgoblin shouts!
You hit the ball python.
You kill the ball python!
The sting hits the hobgoblin.
The hobgoblin is poisoned.
The hobgoblin is heavily wounded.
The sting hits the hobgoblin.
The hobgoblin looks even sicker.
You kill the hobgoblin!
Magic restored.
You now have 86 gold pieces (gained 14).
A malevolent force fills the Dungeon...
You fall into a shaft and drop 3 floors!
The shaft crumbles and collapses.
Found 5 gold pieces.
A water moccasin comes into view.
You begin bloodletting.
You continue bloodletting. x5
HP restored.
You become bloodless.
Found a sharpened glass wand.
Found a stone staircase leading up.
Found 2 scrolls labelled RYNKYT BOTAFIF.
Found an escape hatch in the floor.
s - a wand of iceblast (6)
There is a stone staircase leading up here.
t - 2 scrolls labelled RYNKYT BOTAFIF
Found a stone staircase leading down.
Found 10 gold pieces.
Found a potion of magic.
Found 5 poisoned darts.
Found a stone staircase leading up.
You now have 96 gold pieces (gained 10).
m - 7 poisoned darts (gained 5)
There is a stone staircase leading up here.
You climb upwards.
Found a scroll labelled QUHIROSHRYA, a quarterstaff and a robe.
There is a stone staircase leading down here.
u - a scroll labelled QUHIROSHRYA
There is a stone staircase leading down here.
You climb downwards.
Level annotation: exclusion: water moccasin
There is a stone staircase leading up here.
There is a stone staircase leading up here.
You climb upwards.
There is a stone staircase leading down here.
You climb downwards.
Level annotation: exclusion: water moccasin
There is a stone staircase leading up here.
b - 2 potions of magic (gained 1)
There is a stone staircase leading up here.
Found a barding.
A wight comes into view. It is wielding a +0 dagger.
Found a stone staircase leading up.
Found a robe.
Found 13 gold pieces.
There is a stone staircase leading up here.
You now have 109 gold pieces (gained 13).
There is a stone staircase leading up here.
You climb upwards.
There is a stone staircase leading down here.
You climb downwards.
Level annotation: exclusion: water moccasin
There is a stone staircase leading up here.
You climb upwards.
There is a stone staircase leading down here.
Found a book of Hexes.
Found a sedimented clear potion.
You pick up a book of Hexes and begin reading...
You add the spells Cause Fear and Enfeeble to your library.
Found a fizzy yellow potion.
l - 3 sedimented clear potions (gained 1)
v - a fizzy yellow potion
Okay, then.
This spell is quite dangerous to cast!
You start memorising the spell.
You continue memorising. x2
You finish memorising.
Spell assigned to 'b'.
An iguana comes into view.
There is a stone staircase leading down here.
You climb downwards.
Level annotation: exclusion: water moccasin
There is a stone staircase leading up here.
There is a stone staircase leading up here.
You climb upwards.
There is a stone staircase leading down here.
Found an onyx ring.
Found a stone staircase leading up.
w - a +6 ring of dexterity You feel agile.
w - a +6 ring of dexterity (left hand)
You start putting on your amulet.
You continue putting on your amulet of the acrobat. x5
You finish putting on your amulet of the acrobat.
You feel ready to tumble and roll out of harm's way.
r - an amulet of the acrobat (around neck)
There is a stone staircase leading up here.
You climb upwards.
Found a stone staircase leading down.
There is a stone staircase leading down here.
Found Feafrat's Assorted Antiques.
Found a stone staircase leading up.
There is a stone staircase leading down here.
You climb downwards.
Found three items.
There is a stone staircase leading up here.
The ogre shouts!
You hear an angry hiss.
The adder hisses angrily.
You climb upwards.
There is a stone staircase leading down here.
There is an entrance to Feafrat's Assorted Antiques here.
Press: ? - help, v - describe, . - travel A stone staircase leading down.
Placed new exclusion.
Reduced exclusion size to a single square.
There is a stone staircase leading up here.
You climb upwards.
There is a stone staircase leading down here.
You pick up a book of Displacement and begin reading...
You add the spells Lesser Beckoning, Gell's Gravitas and Teleport Other to your library.
A ribbon worm comes into view.
Found a clear potion.
The sting hits the ribbon worm.
The ribbon worm is poisoned.
The ribbon worm is lightly wounded.
The ribbon worm barely misses you.
The sting hits the ribbon worm.
The ribbon worm looks even sicker.
The ribbon worm is moderately wounded.
The ribbon worm closely misses you.
The ribbon worm expels a string of sticky webbing.
The stream of webbing misses you.
The sting hits the ribbon worm but does no damage.
The ribbon worm looks even sicker.
The ribbon worm is lightly wounded.
The sting hits the ribbon worm.
The ribbon worm looks as sick as possible!
The ribbon worm is moderately wounded.
You hit the ribbon worm.
The ribbon worm is heavily wounded.
The ribbon worm closely misses you.
You hit the ribbon worm. Your bite misses the ribbon worm.
The ribbon worm is severely wounded.
The ribbon worm closely misses you.
You hit the ribbon worm. You bite the ribbon worm.
The ribbon worm is almost dead.
You kill the ribbon worm!
Magic restored.
x - a ring of magical power You feel your magic capacity increase.
x - a ring of magical power (right hand)
You start resting.
Magic restored.
An orc comes into view. It is wielding a +0 whip.
You see here a clear potion.
You can't see any susceptible monsters within range! (Use Z to cast anyway.)
The sting hits the orc.
The orc is poisoned.
The orc is moderately wounded.
The orc shouts!
The sting hits the orc.
The orc looks even sicker.
The orc is severely wounded.
You see here a clear potion.
You kill the orc!
z - a clear potion
Things that are here:
a +0 whip; a +0 leather armour A hound comes into view.
The hound barks!
The sting hits the hound.
The hound is poisoned.
The hound is lightly wounded.
The sting hits the hound.
The hound looks even sicker.
The hound is lightly wounded.
The hound barely misses you.
The sting hits the hound.
The hound looks even sicker.
The hound is moderately wounded.
The hound misses you.
The sting hits the hound.
The hound looks as sick as possible!
The hound is heavily wounded.
The hound bites you. The hound closely misses you.
You hit the hound. Your bite misses the hound.
The hound is almost dead.
You kill the hound!
You have reached level 5!
You feel clever.
HP restored.
Found a maw talisman.
j - 3 amethyst potions (gained 1)
v - 2 fizzy yellow potions (gained 1)
y - a scroll labelled NELAIL DIASIZAI
j - 4 amethyst potions (gained 1)
An orc comes into view. It is wielding a +0 short sword.
Found a dagger.
The sting hits the orc.
The orc is poisoned.
The orc is moderately wounded.
The orc shouts!
The sting hits the orc.
The orc looks even sicker.
The orc is severely wounded.
You hit the orc.
You kill the orc!
Your Hexes skill increases to level 1!
Things that are here:
a +0 short sword; an orc corpse
Found a stone staircase leading down.
A dart slug comes into view.
You see here a scroll labelled UMELER MY NEAMI.
Found an emerald potion.
Found a scroll labelled BEAHUO XUEDA.
Found a stone staircase leading up.
The helpless dart slug fails to defend itself.
You impale the dart slug!!
You kill the dart slug!
Found an amulet of the acrobat.
Found a dagger.
k - 2 emerald potions (gained 1)
A giant cockroach comes into view.
Found 16 gold pieces.
The sting hits the giant cockroach.
The giant cockroach is poisoned.
The giant cockroach is heavily wounded.
You kill the giant cockroach!
q - 2 scrolls labelled BEAHUO XUEDA (gained 1)
You now have 125 gold pieces (gained 16).
Found a mace.
k - 3 emerald potions (gained 1)
You now have 133 gold pieces (gained 8).
A - a wand of mindburst (14)
c - 4 scrolls labelled UMELER MY NEAMI (gained 1)
Found a robe.
Done exploring.
Done exploring.
Done exploring.
Done exploring.
There is a stone staircase leading down here.
You climb downwards.
Level annotation: exclusion: downstairs
There is a stone staircase leading up here.
You now have 145 gold pieces (gained 12).
Found a leather armour.
An orc priest comes into view. It is wielding a +0 dagger.
The orc priest shouts!
The orc priest mumbles some strange prayers to Beogh against you.
Beogh smites you!
You hear a shout!
The orc priest shouts, "Surrender to Beogh and we'll let you live!" (press Y on the ability menu to convert to Beogh)
An orc priest is nearby!
An orc priest is nearby!
There is a stone staircase leading up here.
Okay, then.
You can't see any susceptible monsters within range! (Use Z to cast anyway.)
The sting hits the orc priest but does no damage.
The orc priest is poisoned.
The sting hits the orc priest but does no damage.
The orc priest looks even sicker.
The sting hits the orc priest.
The orc priest looks even sicker.
The orc priest is heavily wounded.
You closely miss the orc priest.
The orc priest is severely wounded.
The orc priest barely misses you.
You hit the orc priest.
The orc priest is severely wounded.
The orc priest closely misses you.
You hit the orc priest but do no damage.
Your bite misses the orc priest.
The orc priest is severely wounded.
You hit the orc priest. Your bite misses the orc priest.
The orc priest is almost dead.
The orc priest hits you with a +0 dagger.
You hit the orc priest.
You kill the orc priest!
Your Short Blades skill increases to level 3!
HP restored.
Magic restored.
Things that are here:
a +0 dagger; a +0 leather armour
B - a sedimented red potion A water moccasin comes into view.
Found a crystal trident.
A phantom and an orc come into view.
The phantom moves out of view.
An ogre comes into view. It is wielding a +0 giant club.
An orc comes into view. It is wielding a +0 hand axe.
An orc comes into view. It is wielding a +0 whip.
Found a scroll labelled MUOKIO LOPUSM.
The orc moves out of view.
An orc is nearby!
Found a stone staircase leading down.
There is a stone staircase leading down here.
You climb downwards.
Found 5 stones, a shortbow and a scroll labelled MUOKIO LOPUSM.
There is a stone staircase leading up here.
Maggie shouts!
The bullfrog croaks.
The orc shouts!
You hear a shout! x2
An orc comes into view. It is wielding a +0 short sword.
An orc comes into view. It is wielding a +0 dagger.
Maggie gestures wildly while chanting.
Maggie attempts to bespell you! You resist.
Okay, then.
You turn into a vampire bat.
Your +0 dagger melds into your body.
Your +0 pair of gloves melds into your body.
Your +0 robe melds into your body.
Your +6 ring of dexterity melds into your body.
Your ring of magical power melds into your body.
You feel clumsy.
You feel your magic capacity decrease.
You feel weakened.
You feel dopey.
You feel clumsy.
* * * LOW MAGIC WARNING * * *
Maggie hits you with a +0 halberd of flaming!
Maggie burns you. The bullfrog misses you. Maggie completely misses you.
The bullfrog completely misses you. Maggie gestures at you while chanting.
The bolt of fire misses you.
You hear a shout!
You see here 5 stones.
You see here a +0 shortbow.
Maggie casts a spell.
Maggie attempts to bespell you!
You are mesmerised by Maggie!
You cannot move away from Maggie!
As you read the scroll labelled LUAVVY PI EKK, it crumbles to dust.
The creatures around you are filled with an inner flame!
It was a scroll of immolation.
The bullfrog hits you.
* * * LOW HITPOINT WARNING * * *
As you read the scroll labelled RYNKYT BOTAFIF, it crumbles to dust.
A profound silence engulfs you.
You are no longer entranced.
It was a scroll of silence.
The bullfrog misses you.
Maggie gestures wildly while chanting.
You see here a scroll labelled MUOKIO LOPUSM.
The bullfrog attacks as it pursues you! The bullfrog completely misses you.
Aiming: Mindburst
Press: ? - help, Shift-Dir - straight line, f - bullfrog
Aim: a bullfrog (silenced, inner flame, chance to affect: 64%)
Okay, then.
It was a potion of curing.
You feel better. The bullfrog closely misses you.
Okay, then.
Magic scrolls do not work when you're silenced!
It was a potion of brilliance.
You feel clever all of a sudden. The bullfrog misses you.
It was a potion of attraction.
You feel attractive to monsters. The bullfrog closely misses you.
The bullfrog hits you.
The orc is attracted toward you. x2; Something is attracted toward you. x2
It was a potion of lignification.
You feel woody for a moment. The bullfrog barely misses you.
It was a potion of resistance.
You feel protected. The bullfrog hits you!
* * * LOW HITPOINT WARNING * * *
The bullfrog hits you!
You die...

## #.##
#b##
##F##
##o##
##o##
#..##
##..##
##.o###
#.@o.##
##....##


You could see a bullfrog (inner flame) and 2 orcs.

Vanquished Creatures
  A hound (D:4)
  An orc priest (D:5)
  A gnoll (D:1)
  2 adders (D:3)
  3 dart slugs
  3 ribbon worms
  4 orcs
  6 ball pythons
  7 endoplasms
  5 giant cockroaches
  9 hobgoblins
  8 jackals
  8 kobolds
  5 quokkas
  8 bats
  4 frilled lizards
  10 goblins
  4 rats
89 creatures vanquished.

Notes
Turn   | Place    | Note
-------+----------+-------------------------------------------
     0 | D:1      | sleeves the Vampire Alchemist began the quest for the Orb.
     0 | D:1      | Reached XP level 1. HP: 13/13 MP: 3/3
   406 | D:1      | Reached XP level 2. HP: 19/19 MP: 3/5
   655 | D:1      | Reached skill level 1 in Short Blades
   760 | D:1      | Reached skill level 4 in Stealth
  1019 | D:1      | Gained mutation: You are afflicted with vampirism and can
                  | become a bat while bloodless. [Vampire growth]
  1019 | D:1      | Reached XP level 3. HP: 24/24 MP: 4/6
  1354 | D:1      | Reached skill level 4 in Alchemy
  1860 | D:2      | Reached skill level 2 in Short Blades
  1926 | D:2      | Reached XP level 4. HP: 30/30 MP: 5/7
  2949 | D:3      | Reached skill level 5 in Stealth
  3800 | D:4      | You fall into a shaft and drop 3 floors!
  3801 | D:7      | Noticed a water moccasin
  4031 | D:6      | Learned a level 2 spell: Ensorcelled Hibernation
  4090 | D:5      | Entered Level 5 of the Dungeon
  4091 | D:5      | Found Feafrat's Assorted Antiques.
  4099 | D:6      | Noticed an ogre
  4099 | D:6      | Noticed an ogre
  4276 | D:4      | Reached XP level 5. HP: 25/28 MP: 8/8
  4414 | D:4      | Reached skill level 1 in Hexes
  4783 | D:5      | Reached skill level 3 in Short Blades
  4862 | D:5      | Noticed a water moccasin
  4909 | D:5      | Noticed a phantom
  4924 | D:5      | Noticed an ogre
  4967 | D:6      | Noticed Maggie
  4976 | D:6      | HP: 14/28 [bullfrog (1)]
  4990 | D:6      | HP: 9/28 [bullfrog (8)]
  4990 | D:6      | Slain by a bullfrog

Illustrated notes

Levels and vault maps discovered:
D:1:      dpeg_arrival_more_subterranean_lakeside_camping, layout_loops_ring,
          st_stairs_1
D:2:      layout_basic
D:3:      layout_loops_ring
D:4:      layout_cave_pools
D:5:      layout_basic, nicolae_stop_n_shop_2, uniq_edmund
D:6:      layout_layer_cave, serial_park_tiny_1, uniq_maggie, uniq_sigmund
D:7:      layout_cave_pods, lemuel_temple_firewalk_b

Skill      XL: |  1  2  3  4  5 |
---------------+----------------+-----
Short Blades   | 1 2 3 |  3.1
Stealth        | 4 5 |  5.6
Alchemy        | 4 |  4.7
Hexes          | 1 |  1.4
Dodging        | |  2.1
Spellcasting   | |  2.0
Conjurations   | |  0.6

Action                     |  1- 3 |  4- 6 || total
---------------------------+-------+-------++-------
  Melee: Dagger            |    32 |    39 ||    71
         Unarmed           |     5 |       ||     5
         Bite              |     4 |     5 ||     9
   Cast: Sting             |    77 |    68 ||   145
Ability: Exsanguinate      |       |     1 ||     1
         Bat Form          |       |     1 ||     1
    Use: Potion            |       |     5 ||     5
         Scroll            |       |     2 ||     2
   Stab: Sleeping          |       |     4 ||     4
 Armour: Robe              |    21 |    15 ||    36
         Skin              |       |     5 ||     5
  Dodge: Dodged            |    26 |    34 ||    60

Table legend: (Time is in decaauts)
 A = Elapsed time spent in this place.
 B = Non-inter-level travel time spent in this place.
 C = Inter-level travel time spent in this place.
 D = Time resting spent in this place.
 E = Time spent auto-exploring this place.
 F = Levels seen in this place.
 G = Mean time per level.
                   A        B        C        D        E       F      G
               +--------+--------+--------+--------+--------+-----+--------+
         Total |   4979 |   4248 |    731 |    281 |   3078 |   7 |  711.3 |
       Dungeon |   4979 |   4248 |    731 |    281 |   3078 |   7 |  711.3 |
               +--------+--------+--------+--------+--------+-----+--------+

Top non-repeatable levels by time:
     D:1: 1724 daAuts
     D:3: 1174 daAuts
     D:2: 860 daAuts
     D:4: 635 daAuts
     D:5: 274 daAuts
     D:7: 211 daAuts
     D:6: 98 daAuts
